 Dungeon Crawl Stone Soup version 0.23.0 (webtiles) character file.

Game seed: 7283409831530747159

114 Slothtographer the Charlatan (level 4, -16/28 HPs)
             Began as a Tengu Artificer on Feb 10, 2019.
             Demolished by an ogre
             ... wielding a +0 giant club
              (28 damage)
             ... on level 4 of the Dungeon.
             The game lasted 00:04:23 (3199 turns).

Slothtographer the Charlatan (Tengu Artificer)      Turns: 3199, Time: 00:04:24

Health: -16/28     AC:  6    Str: 14    XL:     4   Next: 97%
Magic:  7/7        EV: 12    Int: 11    God:
Gold:   115        SH:  0    Dex: 14    Spells: 3/3 levels left

rFire    . . .     SeeInvis .   l - +0 mace
rCold    . . .     Gourm    .   (no shield)
rNeg     . . .     Faith    .   r - +1 ring mail {rPois}
rPois    +         Spirit   .   (helmet restricted)
rElec    .         Reflect  .   (no cloak)
rCorr    .         Harm     .   (no gloves)
MR       .....                  (boots unavailable)
Stlth    +.........             (no amulet)
HPRegen  0.09/turn              (no ring)
MPRegen  0.10/turn              (no ring)

@: no status effects
A: beak, talons 3
a: no special abilities


You were on level 4 of the Dungeon.
You were full.

You visited 1 branch of the dungeon, and saw 4 of its levels.

You collected 115 gold pieces.

Inventory:

Hand Weapons
 a - a +0 short sword
 l - a +0 mace (weapon)
Armour
 b - a +0 leather armour
 m - a +0 ring mail
 r - a +1 ring mail of poison resistance (worn)
Jewellery
 i - an uncursed ring of resist corrosion {unknown}
Wands
 c - a wand of flame (15)
 d - a wand of enslavement (13)
 e - a wand of random effects (15)
Scrolls
 g - a scroll of random uselessness {unknown}
 h - 3 scrolls of identify {unknown}
 j - 3 scrolls of teleportation {unknown}
 k - 2 scrolls of enchant weapon {unknown}
 n - a scroll of immolation {unknown}
 p - 3 scrolls of remove curse {unknown}
 q - a scroll of amnesia {unknown}
 u - a scroll of blinking {unknown}
 y - a scroll of fog {unknown}
Potions
 o - 2 potions of invisibility {unknown}
 s - a potion of haste {unknown}
 t - a potion of agility {unknown}
 v - a potion of heal wounds {unknown}
 w - a potion of cancellation {unknown}
Comestibles
 f - 4 rations


   Skills:
 * Level 3.3 Fighting
 - Level 1.1 Short Blades
 + Level 3.2 Dodging
 - Level 1.0 Stealth
 + Level 3.7 Evocations


You had 3 spell levels left.
You didn't know any spells.
Your spell library was empty.

Dungeon Overview and Level Annotations

Branches:
Dungeon (4/15)
 Temple: D:4-7

Altars:
Qazlal
Vehumet
Xom
Zin


Innate Abilities, Weirdness & Mutations

You have a beak for a mouth.
You have claws for feet.


Message History

The leopard gecko barely misses you.
Your ogre hits the leopard gecko with a +0 giant club!
The leopard gecko dies!
The worker ant closely misses you.
You hit the worker ant.
The worker ant is lightly wounded.
The worker ant completely misses you.
The worker ant bites you but does no damage.
You barely miss the worker ant.
The worker ant is lightly wounded.
The ogre is no longer charmed.
The worker ant bites you. The ogre barely misses you.
Found a rapier.
You are a level 4 Tengu Artificer.
You are 97% of the way to level 5.
Play time: 00:04:22 (3199 turns)
You eat one of the 5 rations.
That ration really hit the spot!
The worker ant closely misses you.
The ogre hits you with a +0 giant club!!
Ouch! That really hurt!
You die...

#. ............. ..
#.##.......... #.#
##..#.......... ###..
#..............
.....###..............
....../...†...........
......................
........(....Oa......)
..............@.......
.....##..<............
....##................
.... #.<..............
..#.............##..##
..#.......#.....# ###
.....##.###.....#
#.... ### ......#
#.### .....#


You could see an ogre and a worker ant.

Vanquished Creatures
  2 adders (D:3)
  An ooze (D:3)
  A worm (D:2)
  5 leopard geckos
  7 orcs (D:3)
  2 giant cockroaches (D:1)
  6 goblins
  8 hobgoblins
  4 kobolds
  2 quokkas
  5 bats
  3 frilled lizards
  9 rats
55 creatures vanquished.

Vanquished Creatures (collateral kills)
  A worker ant (D:4)
  An ooze (D:4)
  A leopard gecko (D:4)
3 creatures vanquished.

Grand Total: 58 creatures vanquished

Notes
Turn   | Place    | Note
-------+----------+-------------------------------------------
     0 | D:1      | Slothtographer the Tengu Artificer began the quest for the
                  | Orb.
     0 | D:1      | Reached XP level 1. HP: 12/12 MP: 4/4
   288 | D:1      | Reached XP level 2. HP: 16/16 MP: 5/5
   564 | D:2      | Found a shimmering altar of Xom.
  1078 | D:2      | Found a radiant altar of Vehumet.
  1171 | D:2      | Reached XP level 3. HP: 20/21 MP: 6/6
  1346 | D:2      | Found a stormy altar of Qazlal.
  2425 | D:3      | Reached XP level 4. HP: 20/27 MP: 7/7
  2577 | D:3      | Found a glowing silver altar of Zin.
  3113 | D:4      | Noticed an ogre
  3199 | D:4      | Demolished by an ogre

Skill      XL: |  1  2  3  4 |
---------------+-------------+-----
Fighting       | 2 3 |  3.3
Dodging        | 3 |  3.2
Short Blades   | |  1.1
Stealth        | |  1.0
Evocations     | |  3.7

Action                   |  1- 3 |  4- 6 || total
-------------------------+-------+-------++-------
Melee: Short sword       |    13 |       ||    13
       Mace              |    83 |    60 ||   143
       Kick              |    14 |    10 ||    24
       Peck              |    10 |    13 ||    23
Evoke: Wand              |       |     2 ||     2
 Stab: Sleeping          |     2 |       ||     2
  Eat: Chunk             |     2 |     1 ||     3
       Ration            |     1 |     2 ||     3
Armor: Leather armour    |     5 |       ||     5
       Ring mail         |    37 |    22 ||    59
Dodge: Dodged            |    64 |    60 ||   124
